 Dungeon Crawl Stone Soup version 0.20-a0-792-g09bcfd3 (webtiles) character file.

74 Alarkh the Slasher (level 4, 35/35 HPs)
             Began as a Demonspawn Monk on Feb 28, 2017.
             Quit the game on level 3 of the Dungeon.
             The game lasted 00:01:15 (1016 turns).

Alarkh the Slasher (Demonspawn Monk)                Turns: 1016, Time: 00:01:16

Health: 35/35      AC:  6    Str: 11    XL:     4   Next: 9%
Magic:  4/4        EV: 14    Int: 12    God:
Gold:   60         SH:  0    Dex: 16    Spells: 3/3 levels left

rFire    . . .     SeeInvis +   a - +0 falchion
rCold    + . .     Gourm    .   b - +0 robe
rNeg     . . .     Faith    .   (no shield)
rPois    .         Spirit   .   g - +0 helmet
rElec    .         Reflect  .   (no cloak)
rCorr    .         Harm     .   (no gloves)
MR       .....                  (no boots)
Stlth    ++........             (no amulet)
Regen    0.2/turn               h - +3 ring of protection
MPRegen  0.1/turn               i - ring of see invisible

@: no status effects
A: cold resistance 1, powered by pain 1
a: no special abilities


You were on level 3 of the Dungeon.
You were not hungry.

You visited 1 branch of the dungeon, and saw 3 of its levels.

You collected 60 gold pieces.

Inventory:

Hand Weapons
 a - a +0 falchion (weapon)
Armour
 b - a +0 robe (worn)
 g - a +0 helmet (worn)
Jewellery
 h - a +3 ring of protection (right hand)
 i - a ring of see invisible (left hand)
Scrolls
 e - a scroll of amnesia {unknown}
 k - a scroll of fog {unknown}
 m - 2 scrolls of teleportation {unknown}
 n - a scroll of identify {unknown}
 p - a scroll of fear {unknown}
 t - a scroll of remove curse {unknown}
Potions
 j - a potion of flight {unknown}
 o - a potion of agility {unknown}
 q - 2 potions of lignification {unknown}
 r - 2 potions of resistance {unknown}
 s - a potion of magic {unknown}
Comestibles
 c - 2 bread rations
 d - 5 chunks of flesh
 f - 4 fruits
 l - a meat ration


   Skills:
 + Level 3.3 Fighting
 * Level 3.8 Long Blades
 + Level 3.3 Dodging
 - Level 1.7 Stealth


You had 3 spell levels left.
You didn't know any spells.

Dungeon Overview and Level Annotations

Branches:
Dungeon (3/15)

Altars:
Dithmenos


Innate Abilities, Weirdness & Mutations

Your flesh is cold resistant. (rC+)
You sometimes gain a little power by taking damage.


Message History

The adder is severely wounded.
You closely miss the adder.
The adder is severely wounded.
The adder bites you but does no damage.
You hit the adder.
You kill the adder!
You have reached level 4!
You feel agile.
Your demonic ancestry asserts itself...
You feel resistant to cold.
Eating one of 6 chunks of flesh.
You eat one of the 6 chunks of flesh.
This raw flesh tastes terrible.
There is a stone staircase leading down here.
Found a stone staircase leading down.
You see here a plate armour.
An adder comes into view.
You fall through a shaft!
The shaft crumbles and collapses. 3 jackals come into view.
Found a stone staircase leading up.
Are you sure you want to abandon this character and quit the game? (Confirm with "yes".)

... .. . ##
# .. .#
.#.#+#. .#.
.#.#.#....
#.........
+.........
#.@.......
#.#.#+#.#.#
#. <.. ..
...hh ..
.#..... ..
.#....h.. .
.. #.....#.
..
.......#.


You could see 3 jackals.

Vanquished Creatures
  2 adders (D:2)
  2 oozes
  2 worms (D:2)
  A dart slug (D:1)
  3 leopard geckos
  7 bats
  A giant cockroach (D:1)
  5 goblins
  7 hobgoblins
  A quokka (D:2)
  A ball python (D:2)
  3 frilled lizards
  A rat (D:1)
36 creatures vanquished.

Notes
Turn   | Place    | Note
-------+----------+-------------------------------------------
     0 | D:1      | Alarkh the Demonspawn Monk began the quest for the Orb.
     0 | D:1      | Reached XP level 1. HP: 18/18 MP: 1/1
    99 | D:1      | Gained mutation: You sometimes gain a little power by taking damage. [demonic ancestry]
    99 | D:1      | Reached XP level 2. HP: 21/24 MP: 2/2
   582 | D:1      | Reached XP level 3. HP: 29/29 MP: 3/3
   704 | D:2      | Found a shadowy altar of Dithmenos.
   960 | D:2      | Gained mutation: Your flesh is cold resistant. (rC+) [demonic ancestry]
   960 | D:2      | Reached XP level 4. HP: 32/35 MP: 4/4
  1015 | D:2      | You fall through a shaft!
  1016 | D:3      | Quit the game

Vault maps used:
D:1:      dpeg_arrival_radiant
D:2:      overflow_temple_1_default
D:3:      nemelex_altar_shiori

Skill      XL: |  1  2 |
---------------+-------+-----
Long Blades    | 3 |  3.8
Dodging        | 3 |  3.3
Fighting       | |  3.3
Stealth        | |  1.7

Action                   |  1- 3 |  4- 6 || total
-------------------------+-------+-------++-------
Melee: Falchion          |   121 |       ||   121
 Stab: Sleeping          |     6 |       ||     6
  Eat: Chunk             |       |     1 ||     1
Armor: Robe              |    43 |       ||    43
Dodge: Dodged            |   112 |       ||   112
       Rpst.: Falchion   |    42 |       ||    42
